 Dungeon Crawl Stone Soup version 0.31-a0-538-gbc85326fa9 (webtiles) character file.

Game seed: 1749673601401214320

151 NinjaNoafa the Magician (level 5, -1/40 HPs)
             Began as a Djinni Necromancer on Aug 12, 2023.
             Slain by a steam dragon (4 damage)
             ... on level 6 of the Dungeon on Aug 13, 2023.
             The game lasted 00:07:20 (2531 turns).

NinjaNoafa the Magician (Djinni Necromancer)        Turns: 2531, Time: 00:07:20

Health: -1/40      AC:  5    Str:  4 (7)  XL:     5   Next: 60%
Gold:   164        EV: 12    Int: 18 (19) God:
                   SH:  0    Dex: 10 (13)

rFire   + + .        d - +0 short sword
rCold   x . .        (no shield)
rNeg    . . .        a - +0 robe
rPois   ∞            (no helmet)
rElec   .            (no cloak)
rCorr   .            h - +2 pair of gloves
SInv    .            (boots unavailable)
Will    ++...        (no amulet)
Stlth   ++           i - ring of willpower
HPRegen 0.26/turn    (no ring)
MPRegen 0.00/turn

%: infuse magic (-2 HP)
@: animating dead, enlightened, flying
A: sickness immunity, fire resistance 2, cold vulnerability 1, float, innate
caster, HP casting, extra vitality 1
a: no special abilities


You were on level 6 of the Dungeon.
You visited 1 branch of the dungeon, and saw 5 of its levels.

You collected 164 gold pieces.

Inventory:

Hand Weapons
 d - a +0 short sword (weapon)
Missiles
 j - 2 boomerangs
 t - 4 poisoned darts
Armour
 a - a +0 robe (worn)
 h - a +2 pair of gloves (worn)
Magical Staves
 b - a staff of earth
Jewellery
 i - a ring of willpower (left hand)
Scrolls
 c - a scroll of revelation {unknown}
 e - a scroll of teleportation {unknown}
 k - a scroll of vulnerability {unknown}
 o - a scroll of fog {unknown}
 r - a scroll of amnesia {unknown}
 s - a scroll of brand weapon {unknown}
Potions
 f - 2 potions of degeneration
 g - 2 potions of attraction {unknown}
 l - a potion of enlightenment
 m - 2 potions of heal wounds {unknown}
 n - a potion of might {unknown}
 p - 2 potions of experience {unknown}
 q - a potion of berserk rage {unknown}


   Skills:
 + Level 3.3 Fighting
 - Level 2.1 Dodging
 - Level 1.5 Stealth
 + Level 4.3 Spellcasting
 + Level 4.3 Conjurations
 + Level 4.3 Hexes
 + Level 4.3 Summonings
 + Level 4.3 Necromancy
 + Level 4.3 Translocations
 + Level 4.3 Transmutations
 + Level 4.3 Fire Magic
 + Level 4.3 Ice Magic
 + Level 4.3 Air Magic
 + Level 4.3 Earth Magic
 + Level 4.3 Poison Magic


You knew the following spells:

 Your Spells              Type           Power      Damage    Failure   Level
a - Necrotise             Necr           76%        1d7       2%          1
b - Vampiric Draining     Necr           19%        2d7       8%          3
c - Animate Dead          Necr           19%        N/A       24%         4
d - Agony                 Necr           19%        N/A       56%         5
e - Freeze                Ice            76%        1d8       2%          1
f - Lesser Beckoning      Tloc           38%        N/A       3%          2
Your spell library was empty.

Dungeon Overview and Level Annotations

Branches:
Dungeon (4/15) Zot: 26962
 Temple: D:4-7

Altars:


Innate Abilities, Weirdness & Mutations

You are immune to sickness and miasma.
You are immune to poison.
Your flesh is very heat resistant. (rF++)
You are vulnerable to cold. (rC-)
You float through the air rather than walking.
You learn spells naturally, not from books.
Your magical power is your life essence.
You have superior vitality. (+4 MHP)


Message History

* * * LOW HITPOINT WARNING * * *
You hear a shout!
You take 6 damage, and have 15/40 hp.
Unknown command.
Found a stone staircase leading up.
An orc comes into view. It is wielding a +0 hand axe.
An orc comes into view. It is wielding a +0 short sword.
Your orc zombie closely misses the steam dragon.
The steam dragon breathes steam at you. The ball of steam misses you.
The white imp is engulfed in a cloud of scalding steam.
The white imp hits your orc zombie. The white imp freezes your orc zombie.
Your orc zombie completely resists.
Your orc zombie is engulfed in a cloud of scalding steam.
Your orc zombie is destroyed!
You feel a bit more experienced.
Casting: Vampiric Draining (dangerous; 7% risk of failure)
Aiming: Vampiric Draining (dangerous; 7% risk of failure)
Press: ? - help, Shift-Dir - straight line, f/p - steam dragon
Aim: a steam dragon (heavily wounded, catching its breath)
You draw life force from the steam dragon!
You feel life coursing into your body.
* * * LOW HITPOINT WARNING * * *
The steam dragon bites you!
* * * LOW HITPOINT WARNING * * *
The steam dragon claws you.
* * * LOW HITPOINT WARNING * * *
You take 8 damage, and have 8/40 hp.
It was a potion of enlightenment.
You feel more buoyant. The steam dragon bites you.
* * * LOW HITPOINT WARNING * * *
The steam dragon misses you.
You take 6 damage, and have 2/40 hp.
Unknown command.
It was a potion of degeneration.
There was something very wrong with that liquid.
You feel weakened.
You feel dopey.
You feel clumsy. The steam dragon bites you.
You die...

# .. ###.. #o
######$...# #.##
.......o... #o.##
.5#..# .$. ...o.#
##o# . ..##o##
##..#####§..) ..
#5.# #....§§.§....
.. ##o#
#§#oD@§...... ..
#.######)#...§..<...
..
#.##.5.oo#..........
..
#..o.#####Y.........
.. ######
...........
............
#############


You could see a steam dragon, an orc warrior, an ice beast and 2 orcs.

Vanquished Creatures
  An orc wizard (D:3)
  4 adders
  A worm (D:3)
  2 dart slugs
  12 orcs
  5 ball pythons
  8 bats
  2 endoplasms (D:2)
  4 giant cockroaches
  4 goblins
  6 hobgoblins
  2 jackals
  4 quokkas
  3 frilled lizards
  7 kobolds
  4 rats
69 creatures vanquished.

Vanquished Creatures (others)
  A white imp (D:6)
  2 orc zombies (D:6)
3 creatures vanquished.

Grand Total: 72 creatures vanquished

Notes
Turn   | Place    | Note
-------+----------+-------------------------------------------
     0 | D:1      | NinjaNoafa the Djinni Necromancer began the quest for the
                  | Orb.
     0 | D:1      | NinjaNoafa set off with the following spells memorised:
                  | Necrotise, Vampiric Draining, Animate Dead, Agony.
     0 | D:1      | Reached XP level 1. HP: 15/15 MP: 0/0
     0 | D:1      | Upgraded the game from 0.31-a0-532-g28f74ba3e5 to
                  | 0.31-a0-538-gbc85326fa9
   132 | D:1      | Reached XP level 2. HP: 17/22 MP: 0/0
   165 | D:1      | Reached skill level 1 in Fighting
   413 | D:1      | Reached XP level 3. HP: 21/27 MP: 0/0
   413 | D:1      | Learned a level 1 spell: Freeze
   869 | D:2      | Reached XP level 4. HP: 27/33 MP: 0/0
  1369 | D:3      | Reached XP level 5. HP: 11/39 MP: 0/0
  1369 | D:3      | Learned a level 2 spell: Lesser Beckoning
  2494 | D:4      | You are sucked into a shaft and drop 2 floors!
  2497 | D:6      | Noticed an orc warrior
  2497 | D:6      | Noticed an ice beast
  2521 | D:6      | Noticed a steam dragon
  2530 | D:6      | HP: 2/40 [steam dragon (6)]
  2531 | D:6      | Slain by a steam dragon

Illustrated notes

Levels and vault maps discovered:
D:1:      tarquinn_simple_flora_water_a, layout_rooms, minmay_stone_trees_small
D:2:      minmay_general_purpose_star, layout_loops_ring,
          kennysheep_generic_room_7
D:3:      minmay_diamond_boxcup, layout_loops_ring
D:4:      layout_loops_ring, nicolae_uskayaw_murder_on_the_dancefloor
D:6:      layout_rooms, minmay_temple_entry_offerings, serial_bayou,
          serial_bayou_pond_a, serial_bayou_crossing, serial_bayou_pond_e,
          serial_bayou_ford_a

Skill      XL: |  1  2  3  4  5 |
---------------+----------------+-----
Fighting       | 1 2 3 |  3.3
Spellcasting   | 4 |  4.3
Conjurations   | 4 |  4.3
Hexes          | 4 |  4.3
Summonings     | 4 |  4.3
Necromancy     | 4 |  4.3
Translocations | 4 |  4.3
Transmutations | 4 |  4.3
Fire Magic     | 4 |  4.3
Ice Magic      | 4 |  4.3
Air Magic      | 4 |  4.3
Earth Magic    | 4 |  4.3
Poison Magic   | 4 |  4.3
Dodging        | |  2.1
Stealth        | |  1.5

Action                     |  1- 3 |  4- 6 || total
---------------------------+-------+-------++-------
  Melee: Short sword       |       |     7 ||     7
  Throw: Throwing net      |       |     1 ||     1
   Cast: Necrotise         |    60 |    36 ||    96
         Vampiric Draining |       |    14 ||    14
         Freeze            |       |    23 ||    23
         Lesser Beckoning  |       |     2 ||     2
         Animate Dead      |       |     1 ||     1
    Use: Potion            |       |     2 ||     2
 Armour: Robe              |     6 |    24 ||    30
  Dodge: Dodged            |     8 |    53 ||    61

Table legend: (Time is in decaauts)
 A = Elapsed time spent in this place.
 B = Non-inter-level travel time spent in this place.
 C = Inter-level travel time spent in this place.
 D = Time resting spent in this place.
 E = Time spent auto-exploring this place.
 F = Levels seen in this place.
 G = Mean time per level.
                   A        B        C        D        E       F      G
               +--------+--------+--------+--------+--------+-----+--------+
         Total |   2650 |   2306 |    344 |     37 |   1822 |   5 |  530.0 |
       Dungeon |   2650 |   2306 |    344 |     37 |   1822 |   5 |  530.0 |
               +--------+--------+--------+--------+--------+-----+--------+

Top non-repeatable levels by time:
     D:3: 1166 daAuts
     D:2: 963 daAuts
     D:1: 475 daAuts
     D:6: 36 daAuts
     D:4: 7 daAuts
